 Dungeon Crawl Stone Soup version 0.24.1-14-gf8d2b509d9 (webtiles) character file.

Game seed: 6125752949189630037, levelgen mode: deterministic

440 cstieg1 the Sneak (level 7, -4/45 HPs)
             Began as an Octopode Wizard on Oct 28, 2020.
             Was a Follower of Yredelemnul.
             Shot with an arrow by a centaur (13 damage)
             ... on level 5 of the Dungeon.
             The game lasted 00:14:33 (5483 turns).

cstieg1 the Sneak (Octopode Wizard)                 Turns: 5483, Time: 00:14:33

Health: -4/45      AC:  1    Str:  6    XL:     7   Next: 2%
Magic:  7/12       EV: 13    Int: 26    God:    Yredelemnul [*.....]
Gold:   225        SH:  0    Dex: 10    Spells: 5/13 levels left

rFire    . . .     SeeInvis .   p - +0 dagger
rCold    . . .     Gourm    .   (no shield)
rNeg     . . .     Faith    .   a - +0 hat
rPois    .         Spirit   .   (no amulet)
rElec    .         Reflect  .   u - +3 ring of intelligence
rCorr    .         Harm     .   (no ring)
MR       .....                  (no ring)
Stlth    +++.......             (no ring)
HPRegen  0.15/turn              (no ring)
MPRegen  0.13/turn              (no ring)
                                (no ring)
                                (no ring)

@: lethally poisoned (-4 -> -8)
A: almost no armour, stealthy swim, amphibious, 8 rings, constrict 8, camouflage
1, gelatinous body 1
a: Animate Remains, Renounce Religion


You were on level 5 of the Dungeon.
You worshipped Yredelemnul.
Yredelemnul was aware of your devotion.
You were not hungry.

You visited 1 branch of the dungeon, and saw 5 of its levels.

You collected 225 gold pieces.

Inventory:

Hand Weapons
 f - a +2 war axe of flaming
 i - a +0 short sword
 p - a +0 dagger (weapon)
Missiles
 x - 2 javelins (quivered)
Armour
 a - a +0 hat (worn)
 o - a +0 shield
Jewellery
 u - a +3 ring of intelligence (left tentacle)
Wands
 q - a wand of iceblast (11)
Scrolls
 g - 3 scrolls of enchant weapon {unknown}
 h - 2 scrolls of remove curse
 l - 3 scrolls of amnesia {unknown}
 n - 3 scrolls of teleportation {unknown}
 w - a scroll of blinking {unknown}
Potions
 b - a potion of agility
 d - 2 potions of flight
 e - a potion of heal wounds
 j - a potion of lignification {unknown}
 k - a potion of might {unknown}
 m - 2 potions of mutation
 r - a potion of curing
 s - a potion of haste {unknown}
 t - a potion of resistance
 v - a potion of brilliance {unknown}
Comestibles
 c - 11 rations


   Skills:
 + Level 2.1 Fighting
 + Level 2.9 Dodging
 + Level 4.4 Stealth
 + Level 3.6 Spellcasting
 * Level 3.3 Conjurations
 + Level 2.3 Summonings
 + Level 1.7 Translocations
 + Level 1.2 Fire Magic
 + Level 1.2 Invocations
 + Level 1.1 Evocations


You had 5 spell levels left.
You knew the following spells:

 Your Spells              Type           Power        Failure   Level  Hunger
a - Magic Dart            Conj           ###.         2%          1    None
b - Blink                 Tloc           N/A          6%          2    #......
c - Call Imp              Summ           ###.....     5%          2    #......
d - Conjure Flame         Conj/Fire      ###.....     11%         3    ##.....

Your spell library contained the following spells:

 Spells                   Type           Power        Failure   Level  Hunger
 Slow                     Hex            #.......     14%         2    #......
 Mephitic Cloud           Conj/Pois/Air  ##......     17%         3    ##.....


Dungeon Overview and Level Annotations

Branches:
Dungeon (5/15)
 Temple: D:4-7

Altars:
Cheibriados
Dithmenos
Fedhas
Hepliaklqana
Kikubaaqudgha
Nemelex Xobeh
Okawaru
Qazlal
Uskayaw
Yredelemnul


Innate Abilities, Weirdness & Mutations

You cannot wear most types of armour.
You are very stealthy in the water. (Stealth+)
You are amphibious.
You can wear up to eight rings at the same time.
You can use your tentacles to constrict eight enemies at once.
Your skin changes colour to match your surroundings (Stealth+).
Your rubbery body absorbs attacks. (AC +1, EV +1)


Message History

The adder bites you.
You are more poisoned.
The adder poisons you!
Your crimson imp hits the adder.
The adder dies!
Yredelemnul accepts your kill.
You hit the centaur but do no damage. Your squeeze misses the centaur.
The centaur is lightly wounded.
You feel sick. The centaur hits you. x2
* * * LOW HITPOINT WARNING * * *
You swap places.
The centaur completely misses your crimson imp.
Your crimson imp blinks!
Your crimson imp hits the centaur.
Casting: Call Imp (safe; 5% risk of failure)
Confirm with . or Enter, or press ? or * to list all spells.
A beastly little devil appears in a puff of frigid air.
You feel sick.
The centaur wields a +0 shortbow.
The centaur shoots an arrow.
The arrow hits you!
You die...
Your body rises from the dead as a mindless zombie.

#. #....# #.
#. #....#
#.##.###....#
#......(....#
##.....#...#
#.....##.##
#.....##.#
#.....##.#
#....@##.#
#..5†§##.#
#..55c##.#
#.....##..
#.....####
........
#..#.####
#..#. #. #.


You could see a centaur, 2 friendly crimson imps and a friendly white imp.

Vanquished Creatures
  A scorpion (D:4)
  An orc priest (D:4)
  A bullfrog skeleton (D:5)
  An orc wizard (D:4)
  An iguana (D:4)
  A worker ant (D:4)
  A howler monkey skeleton (D:4)
  9 adders
  3 worms
  3 dart slugs
  3 leopard geckos
  21 orcs
  6 bats
  2 giant cockroaches
  9 goblins
  7 hobgoblins
  3 jackals (D:4)
  8 kobolds
  2 ball pythons
  6 frilled lizards
  A leopard gecko skeleton (D:2)
  7 rats
97 creatures vanquished.

Vanquished Creatures (collateral kills)
  An ogre (D:4)
  An adder (D:5)
2 creatures vanquished.

Vanquished Creatures (others)
  A fungus (D:4)
1 creature vanquished.

Grand Total: 100 creatures vanquished

Notes
Turn   | Place    | Note
-------+----------+-------------------------------------------
     0 | D:1      | cstieg1 the Octopode Wizard began the quest for the Orb.
     0 | D:1      | Reached XP level 1. HP: 11/11 MP: 4/4
     2 | D:1      | Noticed a gargoyle
     4 | D:1      | Noticed a draconian
     4 | D:1      | Noticed a demigod
     6 | D:1      | Noticed an octopode
     8 | D:1      | Noticed an ogre
     8 | D:1      | Noticed a merfolk
    10 | D:1      | Noticed a felid
    13 | D:1      | Noticed a centaur
    15 | D:1      | Noticed a spriggan
    15 | D:1      | Noticed a tengu
    17 | D:1      | Noticed a vine stalker
    17 | D:1      | Noticed an elf
    19 | D:1      | Noticed a dwarf
    19 | D:1      | Noticed a human
    21 | D:1      | Noticed a formicid
    21 | D:1      | Noticed a vampire
    23 | D:1      | Noticed a halfling
    23 | D:1      | Noticed a troll
    25 | D:1      | Noticed a ghoul
    25 | D:1      | Noticed a naga
    27 | D:1      | Noticed a demonspawn
    27 | D:1      | Noticed a minotaur
   365 | D:1      | Reached XP level 2. HP: 13/17 MP: 1/6
   416 | D:1      | Learned a level 2 spell: Blink
   419 | D:1      | Learned a level 2 spell: Call Imp
   906 | D:2      | Reached skill level 3 in Stealth
   906 | D:2      | Reached XP level 3. HP: 22/22 MP: 0/7
  1131 | D:2      | Found an iron altar of Okawaru.
  1141 | D:2      | Found a snail-covered altar of Cheibriados.
  1560 | D:2      | Reached skill level 1 in Fighting
  1560 | D:2      | Reached XP level 4. HP: 28/28 MP: 3/8
  1851 | D:2      | Learned a level 3 spell: Conjure Flame
  2003 | D:2      | Found a hide-covered altar of Uskayaw.
  2034 | D:2      | Found a basalt altar of Yredelemnul.
  2046 | D:2      | Became a worshipper of Yredelemnul the Dark
  2414 | D:3      | Reached XP level 5. HP: 33/33 MP: 9/9
  2714 | D:3      | Found a hazy altar of Hepliaklqana.
  2839 | D:3      | Reached skill level 4 in Stealth
  3394 | D:3      | Found a shadowy altar of Dithmenos.
  4030 | D:4      | Found an ancient bone altar of Kikubaaqudgha.
  4041 | D:4      | Noticed an ogre
  4111 | D:4      | Killed an ogre
  4111 | D:4      | Reached XP level 6. HP: 39/39 MP: 5/11
  4271 | D:4      | Found a sparkling altar of Nemelex Xobeh.
  4370 | D:4      | Found a stormy altar of Qazlal.
  4647 | D:4      | Reached skill level 1 in Fire Magic
  4823 | D:4      | Reached skill level 1 in Invocations
  4976 | D:4      | Found a blossoming altar of Fedhas.
  5051 | D:4      | Reached skill level 1 in Evocations
  5152 | D:4      | Reached * piety under Yredelemnul
  5276 | D:5      | Entered Level 5 of the Dungeon
  5369 | D:5      | Reached XP level 7. HP: 38/45 MP: 12/12
  5483 | D:5      | Shot with an arrow by a centaur

Levels and vault maps discovered:
D:1:      kb_arrival_jail, layout_loops_ring, minmay_domino_2
D:2:      layout_rooms, eat_drink_and_be_merry_uskayaw,
          nicolae_overflow_crystal_walls, gammafunk_temple_overflow_pools
D:3:      layout_basic, nicolae_dithmenos_shadow_blocks, marbit_many_paths,
          first_ration, dk_noncrumbling_2, chequers_serial_rivers_small_a,
          guppyfry_early_orc_mine
D:4:      layout_loops_ring, grunt_temple_overflow_forces_of_nature,
          nemelex_xobeh_ov_fountains_minmay, overflow_temple_1_default
D:5:      layout_basic, nicolae_overflow_hidden_temple

Skill      XL: |  1  2  3  4  5  6 |
---------------+-------------------+-----
Stealth        | 3 4 |  4.4
Conjurations   | 2 3 |  3.3
Fighting       | 1 2 |  2.1
Summonings     | 2 |  2.3
Fire Magic     | 1 |  1.2
Invocations    | 1 |  1.2
Evocations     | 1 |  1.1
Dodging        | |  2.9
Spellcasting   | |  3.6
Translocations | |  1.7

Action                   |  1- 3 |  4- 6 |  7- 9 || total
-------------------------+-------+-------+-------++-------
Melee: Unarmed           |     8 |       |       ||     8
       Constrict         |     7 |    19 |     1 ||    27
       Tentacles         |     5 |    17 |     3 ||    25
       Short sword       |    11 |       |       ||    11
       Dagger            |    12 |   101 |     8 ||   121
Throw: Javelin           |       |     6 |       ||     6
 Cast: Magic Dart        |    58 |   124 |       ||   182
       Call Imp          |       |     5 |     3 ||     8
       Conjure Flame     |       |    11 |       ||    11
       Blink             |       |     2 |       ||     2
  Use: Scroll            |       |     7 |       ||     7
 Stab: Sleeping          |     1 |    15 |       ||    16
  Eat: Chunk             |     2 |    11 |     2 ||    15
Armor: Skin              |     2 |     3 |       ||     5
Dodge: Dodged            |    22 |    54 |    17 ||    93
